AoeStats
← [CL] Al3jandr0.magn00

Four Lakes

508090495Analyzed
1v1 RM · 10d ago on Sep 20, 2026· 28m 39s· 2 players
Game mode
Random Map
Map size
Tiny (2 player)
Population
200
Speed
Normal
Resources
Standard
Victory
Conquest
Starting age
Dark Age
Ending age
Imperial Age
RankedLock teamsTeams togetherTeam positionsShared explorationLock speedFull tech treeHidden civsTurbo modeCheats
Victory
Defeat
🇦🇷 Vietnamese · Argentina
1905
+14
🇧🇷 Poles · Brazil
1866
-14
uel
7:07 Loom
9:57 Feudal Age
10:25 Double-Bit Axe
11:46 Man-at-Arms
19:29 Fletching
22:24 Padded Archer Armor
25:39 Scale Mail Armor
[CL] Al3jandr0.magn00
7:22 Loom
9:39 Feudal Age
10:12 Double-Bit Axe
10:38 Man-at-Arms
15:39 Fletching
16:50 Town Watch
23:44 Castle Age
22:17 Bloodlines
23:08 Scale Barding Armor
26:21 Husbandry
27:48 Gold Mining
28:40 Forging
28:54 Medium Warships
Connection lost

Rejoining the realm…

Still unreachable

The connection could not be restored.

Session expired

The server has moved on; the page needs a fresh start.